 Dungeon Crawl Stone Soup version 0.15.2 (webtiles) character file.

51 bwiles81 the Sneak (level 3, 0/16 HPs)
             Began as a Spriggan Necromancer on Nov 17, 2014.
             Succumbed to an adder's poison
             ... on Level 2 of the Dungeon on Nov 18, 2014.
             The game lasted 00:08:04 (2815 turns).

bwiles81 the Sneak (Spriggan Necromancer)           Turns: 2815, Time: 00:08:05

HP   0/16        AC  2     Str  9      XL: 3   Next: 57%
MP   2/11        EV 25     Int 17      God:
Gold 49          SH  0     Dex 21      Spells:  2 memorised,  4 levels left

rFire  . . .     SeeInvis +     (no weapon)
rCold  . . .     Clarity  .     a - +0 robe
rNeg   . . .     rCorr    .     (shield restricted)
rPois  .         rRot     .     (helmet restricted)
rElec  .         Spirit   .     (no cloak)
SustAb .         Warding  .     (gloves unavailable)
rMut   .         Stasis   .     (boots unavailable)
Gourm  .                        (no amulet)
MR     .....                    (no ring)
                                (no ring)

@: mighty, agile, lethally poisoned, very slightly contaminated, hasted, very
quick, not resistant to hostile enchantments, stealthy
A: unfitting armour, see invisible, herbivore 3, speed 3, slow metabolism 2
a: no special abilities


You were on level 2 of the Dungeon.
You were not hungry.

You visited 1 branch of the dungeon, and saw 2 of its levels.

You collected 49 gold pieces.

Inventory:

Armour
 a - a +0 robe (worn)
Comestibles
 d - a bread ration
 g - 12 fruits
Scrolls
 h - 2 scrolls of teleportation {unknown}
 k - a scroll of amnesia {unknown}
 l - a scroll of identify {unknown}
 m - a scroll of remove curse {unknown}
Jewellery
 e - a +3 ring of slaying {unknown}
Potions
 c - a potion of porridge
Books
 b - a book of Necromancy

   Spells                             Type                      Level
   *Pain                              Necromancy                   1
   Animate Skeleton                   Necromancy                   1
   *Vampiric Draining                 Necromancy                   3
   Regeneration                       Charms/Necromancy            3
   Animate Dead                       Necromancy                   4
   Control Undead                     Necromancy                   4


   Skills:
 + Level 3.9 Dodging
 + Level 4.4 Stealth
 + Level 3.3 Spellcasting
 + Level 3.8 Necromancy


You had 4 spell levels left.
You knew the following spells:

 Your Spells              Type           Power        Failure   Level  Hunger
a - Pain                  Necr           ###.         3%          1    None
b - Vampiric Draining     Necr           ###.......   12%         3    ###....


Dungeon Overview and Level Annotations

Branches:
Dungeon (2/15)

Altars:


Innate Abilities, Weirdness & Mutations

You are tiny and cannot use many weapons and most armour.
You have supernaturally acute eyesight.
You are a herbivore.
You cover ground extremely quickly.
You need consume almost no food.


Message History

Aim: an adder (severely wounded)
You miscast Vampiric Draining.
Nothing appears to happen.
* * * LOW HITPOINT WARNING * * *
You feel sick. The adder closely misses you.
* * * LOW HITPOINT WARNING * * *
You feel sick.
Drink which item? (? for menu, Esc to quit)
You feel agile all of a sudden.
It was a potion of agility.
* * * LOW HITPOINT WARNING * * *
You feel sick.
Drink which item? (? for menu, Esc to quit)
You feel very mighty all of a sudden.
It was a potion of might.
* * * LOW HITPOINT WARNING * * *
You feel sick.
Found 16 stones.
Drink which item? (? for menu, Esc to quit)
You feel yourself speed up.
It was a potion of haste.
You die...

#.#.........#####.#
..+........[#...#.#
#.#...........###.#
..#.........#.#.....
##................#
##.####.###$#.#.####
#.# ##.....#.#......
#.# #...#.....#####.#.#
#.###......#S..@......#
#..........#.######...#
#######....#.# #
#..$.#(. #.......
#.#...... ..#......
.........## ........


You could see an adder.

Vanquished Creatures
  Ijyb (D:2)
  An adder (D:2)
  3 goblins
  4 hobgoblins (D:1)
  2 kobolds (D:1)
  5 bats
  2 giant cockroaches
  2 giant geckos (D:1)
  A giant newt (D:1)
  7 rats (D:1)
28 creatures vanquished.

Notes
Turn   | Place    | Note
--------------------------------------------------------------
     0 | D:1      | bwiles81, the Spriggan Necromancer, began the quest for the Orb.
     0 | D:1      | Reached XP level 1. HP: 9/9 MP: 4/4
  1090 | D:1      | Reached XP level 2. HP: 11/13 MP: 3/7
  2223 | D:2      | Noticed Ijyb
  2279 | D:2      | Killed Ijyb
  2279 | D:2      | Reached skill level 4 in Stealth
  2279 | D:2      | Reached XP level 3. HP: 4/16 MP: 0/11
  2539 | D:1      | Learned a level 3 spell: Vampiric Draining
  2815 | D:2      | Succumbed to an adder's poison

Action                   || total
-------------------------++-------
 Cast: Pain              ||    56
       Vampiric Draining ||     3
  Use: Potion            ||     3
